AoeStats
← YO HOKAGE

Arena

509812096Analyzed
2v2 RM · 4d ago on Sep 28, 2026· 53m 15s· 4 players
Game mode
Random Map
Map size
Medium (4 player)
Population
200
Speed
Normal
Resources
Standard
Victory
Conquest
Starting age
Dark Age
Ending age
Imperial Age
RankedLock teamsTeams togetherTeam positionsShared explorationLock speedFull tech treeHidden civsTurbo modeCheats
Victory
Defeat
🇵🇪 Chinese · Peru
1334
+14
🇵🇪 Teutons · Peru
1333
+14
🇨🇳 Teutons · China
1310
-15
🇦🇺 Cumans · Australia
1260
-13
YO HOKAGE
7:39 Loom
10:24 Feudal Age
14:42 Castle Age
13:19 Double-Bit Axe
14:30 Horse Collar
23:47 Gold Mining
24:33 Heavy Plow
28:54 Imperial Age
26:35 Scale Mail Armor
26:46 Forging
27:25 Gold Shaft Mining
26:42 Stone Mining
27:56 Wheelbarrow
27:14 Pikeman
27:54 Squires
28:23 Bow Saw
28:16 Town Watch
28:18 Loom
29:21 Elite Fire Lancer
30:25 Chain Mail Armor
30:54 Hand Cart
31:16 Iron Casting
30:37 Arson
32:14 Two-Man Saw
31:58 Ballistics
32:14 Conscription
33:37 Blast Furnace
34:59 Fletching
35:10 Padded Archer Armor
35:40 Plate Mail Armor
36:22 Chemistry
36:07 Bodkin Arrow
35:46 Elite Chu Ko Nu
37:09 Stone Shaft Mining
38:08 Leather Archer Armor
40:02 Halberdier
42:00 Bracer
42:31 Ring Archer Armor
44:44 Scale Barding Armor
48:50 Bloodlines
48:41 Husbandry
48:01 Light Cavalry
51:40 Spies/Treason
FC_FINE02
7:05 Loom
9:21 Feudal Age
10:13 Double-Bit Axe
10:44 Horse Collar
13:17 Fletching
23:07 Castle Age
27:47 Wheelbarrow
27:47 Forging
29:18 Scale Barding Armor
30:32 Bloodlines
41:54 Imperial Age
40:56 Chain Barding Armor
40:52 Gold Mining
42:17 Hand Cart
42:48 Iron Casting
42:09 Cavalier
44:21 Chain Barding Armor
43:26 Capped Ram
46:37 Blast Furnace
47:43 Paladin
48:59 Plate Barding Armor
LiamJ5500
8:30 Loom
10:28 Feudal Age
11:32 Horse Collar
11:39 Double-Bit Axe
13:44 Loom
14:24 Gold Mining
22:18 Castle Age
21:05 Stone Mining
21:54 Wheelbarrow
21:49 Scale Barding Armor
22:14 Forging
22:22 Bloodlines
23:41 Chain Barding Armor
23:58 Iron Casting
24:05 Steppe Husbandry
29:29 Heavy Plow
30:44 Gold Shaft Mining
36:13 Imperial Age
35:13 Bow Saw
35:30 Fletching
35:41 Padded Archer Armor
35:43 Capped Ram
36:38 Bodkin Arrow
37:05 Ballistics
37:21 Conscription
36:52 Elite Kipchak
37:56 Leather Archer Armor
38:23 Cuman Mercenaries
40:24 Ring Archer Armor
40:40 Light Cavalry
42:36 Chemistry
zxtanshui
8:47 Loom
11:03 Feudal Age
12:56 Fletching
19:01 Double-Bit Axe
25:36 Castle Age
23:30 Horse Collar
24:35 Gold Mining
25:57 Bloodlines
26:32 Bow Saw
26:57 Heavy Plow
27:36 Town Watch
28:33 Scale Barding Armor
31:06 Forging
33:32 Chain Barding Armor
34:39 Bodkin Arrow
39:15 Imperial Age
38:40 Iron Casting
38:09 Scale Mail Armor
Connection lost

Rejoining the realm…

Still unreachable

The connection could not be restored.

Session expired

The server has moved on; the page needs a fresh start.